 Dungeon Crawl Stone Soup version 0.30-a0-1103-g25895a7845 (webtiles) character file.

Game seed: 10131845271327473596

101 ytrimaz the Covered (level 4, 0/36 HPs)
             Began as a Barachi Fighter on Apr 18, 2023.
             Killed by divine providence
             ... invoked by an orc priest
              (15 damage)
             ... on level 3 of the Dungeon.
             The game lasted 00:02:23 (1443 turns).

ytrimaz the Covered (Barachi Fighter)               Turns: 1443, Time: 00:02:23

Health: 0/36       AC:  7    Str: 19    XL:     4   Next: 75%
Magic:  4/4        EV:  9    Int:  9    God:
Gold:   67         SH:  4    Dex: 11    Spells: 3/3 levels left

rFire   . . .      SeeInvis .    a - +0 war axe
rCold   . . .      Faith    .    c - +0 buckler
rNeg    . . .      Spirit   .    b - +0 scale mail
rPois   .          Reflect  .    (no helmet)
rElec   .          Rampage  .    (no cloak)
rCorr   .                        (no gloves)
Will    .....                    (no boots) Stlth
                                 p - amulet of regeneration
HPRegen 1.06/turn                (no ring)
MPRegen 0.09/turn                (no ring)

@: slow
A: amphibious, slowness 1, strong legs 1, +LOS
a: Hop


You were on level 3 of the Dungeon.
You visited 1 branch of the dungeon, and saw 3 of its levels.

You collected 67 gold pieces.


Innate Abilities, Weirdness & Mutations

You are amphibious.
You cover ground slowly.
You can hop short distances.
You have an extended range of vision and can be seen from far away.


   Skills:
 - Level 3.6 Fighting
 + Level 4.0 Axes
 + Level 5.2 Armour
 - Level 3.2 Shields


You had 3 spell levels left.
You didn't know any spells.
Your spell library was empty.

Inventory:

Hand Weapons
 a - a +0 war axe (weapon)
Armour
 b - a +0 scale mail (worn)
 c - a +0 buckler (worn)
Jewellery
 j - an amulet of the acrobat
   (You found it on level 1 of the Dungeon)
 p - an amulet of regeneration (around neck)
   (You found it on level 2 of the Dungeon)
Scrolls
 e - a scroll of fog {unknown}
 g - a scroll of butterflies {unknown}
 h - a scroll of magic mapping {unknown}
 l - 2 scrolls of identify {unknown}
 n - a scroll of vulnerability {unknown}
 o - a scroll of poison {unknown}
Potions
 d - a potion of might
 f - 2 potions of curing {unknown}
 i - a potion of lignification {unknown}
 k - a potion of invisibility {unknown}
 m - a potion of resistance {unknown}
 q - a potion of mutation {unknown}

Dungeon Overview and Level Annotations

Branches:
Dungeon (3/15) Zot: 16270

Altars:
The Shining One

...... .<..... # .......
..#### ....... .<.# ... ..#
#.###.# #.# #.....# #.#
####@...#####.##
##########ooo........#..####
......?....#########.....^.#
.......:.......o..###......###
...................##.........
.............o.....$#......[.>
.......##$.........o#.........
....... #!.........o#....)...#
....... #..........##.......##


You could see an orc priest and 2 orcs.


Message History

The orc wizard hits you with a +0 dagger.
You closely miss the orc wizard.
The orc wizard hits you with a +0 dagger.
The orc wizard hits you but does no damage.
You hit the orc wizard.
The orc wizard hits you with a +0 dagger.
You barely miss the orc wizard.
The orc wizard hits you but does no damage. 😎 HP[+1]
Your hp is fully restored (36).
Unknown command.
You slash the orc wizard!
You kill the orc wizard!
You block the orc's attack.
Your Axes skill increases to level 4!
You slash the orc!
You kill the orc!
No target in view!
Items here: )) [[ †.
Unknown command.
No target in view!
An orc wizard is nearby!
You slash the orc wizard! The orc wizard barely misses you.
You barely miss the orc wizard. The orc wizard closely misses you.
You barely miss the orc wizard.
The orc wizard hits you with a +0 dagger.
The orc wizard hits you but does no damage. 😕 HP[-1]
You take 1 damage, and now have 35/36 hp.
The orc priest shouts!
You hit the orc wizard but do no damage.
The orc wizard hits you but does no damage.
The orc priest calls upon Beogh to heal the orc wizard.
The orc wizard is healed somewhat. 😎 HP[+1]
Your hp is fully restored (36).
You closely miss the orc wizard.
The orc wizard hits you with a +0 dagger. 😕 HP[-1]
You take 1 damage, and now have 35/36 hp.
Unknown command.
You closely miss the orc wizard. The orc wizard casts a spell at you.
You resist with some effort.
The orc wizard hits you but does no damage.
You barely miss the orc wizard. The orc wizard casts a spell at you.
You resist with some effort.
The orc priest calls upon Beogh to heal the orc wizard.
The orc wizard is healed somewhat. 😎 HP[+1]
Your hp is fully restored (36).
The orc wizard gestures wildly while chanting.
The orc wizard flickers and vanishes!
Deactivating autopickup; reactivate with Ctrl-A.
Unknown command.
Something hits you but does no damage.
Items here: )) [[ †.
You hear some strange, mumbled words.
You are confused.
You bump into the rock wall.
You hear some strange, mumbled words.
Something tries to affect you, but you resist.
You miss something.
You hear some strange, mumbled words.
Something tries to affect you, but you resist.
Unknown command.
You closely miss something. Something hits you.
The orc priest calls down the wrath of Beogh upon you.
Beogh smites you! 😮 HP[-10]
You take 10 damage, and now have 26/36 hp.
MASSIVE DAMAGE!! (PAUSE)
You bump into the stone wall.
You hear some strange, mumbled words.
A puff of flame appears from out of thin air!
The puff of flame hits you!
* * * LOW HITPOINT WARNING * * *
😨 HP[-11]
You take 11 damage, and now have 15/36 hp.
MASSIVE DAMAGE!! (PAUSE) 😨 HP[+1]
You miss the orc priest. You completely miss something.
You feel less confused. Something hits you but does no damage.
You block the orc priest's attack. 😨 HP[+2]
You regained 2 hp, and now have 18/36 hp.
Unknown command.
You slash the orc priest! You barely miss something.
Something hits you but does no damage.
The orc priest hits you but does no damage. 😮 HP[+1]
You completely miss the orc priest. You closely miss something.
Something hits you.
The orc priest casts a cantrip, but nothing happens.
Something hits you.
* * * LOW HITPOINT WARNING * * *
The orc priest calls down the wrath of Beogh upon you.
Beogh smites you!
You die...

Skill      XL: |  1  2  3  4 |
---------------+-------------+-----
Armour         | 4 5 |  5.2
Axes           | 3 4 |  4.0
Fighting       | |  3.6
Shields        | |  3.2

Action                     |  1- 3 |  4- 6 || total
---------------------------+-------+-------++-------
  Melee: War axe           |    80 |    52 ||   132
 Armour: Scale mail        |    52 |    35 ||    87
  Dodge: Dodged            |    55 |    21 ||    76
  Block: Buckler           |    32 |    15 ||    47

Levels and vault maps discovered:
D:1:      co_arrival_square_in_a_square_in_a_square, layout_basic
D:2:      minmay_recursive_quarters, layout_basic, serial_forest,
          infiniplex_forest_lined_corner, infiniplex_forest_lined_2,
          infiniplex_forest_side_room, infiniplex_forest_3_way,
          due_unseen_surprise
D:3:      cheibrodos_pilgrimage, layout_rooms, overflow_temple_1_default,
          ebering_ghost_reflecting_pool, bh_walls_and_bars

Notes
Turn   | Place    | Note
-------+----------+-------------------------------------------
     0 | D:1      | ytrimaz the Barachi Fighter began the quest for the Orb.
     0 | D:1      | Reached XP level 1. HP: 18/18 MP: 1/1
     0 | D:1      | magus.rc [v1.9.6]
   289 | D:1      | Reached XP level 2. HP: 24/24 MP: 2/2
   305 | D:1      | Reached skill level 4 in Armour
   457 | D:1      | Reached skill level 3 in Axes
   528 | D:1      | Reached XP level 3. HP: 29/29 MP: 3/3
  1105 | D:2      | Reached XP level 4. HP: 29/36 MP: 4/4
  1317 | D:2      | Reached skill level 5 in Armour
  1373 | D:2      | You fall into a shaft and drop 1 floor!
  1383 | D:3      | Found a glowing golden altar of the Shining One.
  1422 | D:3      | Reached skill level 4 in Axes
  1443 | D:3      | Killed from afar by an orc priest

Vanquished Creatures
  An orc wizard (D:3)
  An adder (D:2)
  A worm (D:2)
  3 dart slugs
  An orc (D:3)
  8 ball pythons
  6 bats
  4 endoplasms
  3 giant cockroaches
  3 goblins
  5 hobgoblins
  6 jackals
  A quokka (D:2)
  3 kobolds (D:1)
  7 rats
53 creatures vanquished.

Vanquished Creatures (others)
  2 plants (D:2)
2 creatures vanquished.

Grand Total: 55 creatures vanquished

Table legend:
 A = Non-vault XP
 B = Vault XP
 C = Vault XP percentage of total XP
 D = Non-vault monster count
 E = Vault monster count
 F = Vault count percentage of total count
                 A         B        C        D         E       F
            +---------+---------+-------+---------+---------+-------
      Total |      75 |      70 |  48.3 |      40 |      13 |  24.5
            +---------+---------+-------+---------+---------+-------
        D:1 |      50 |       0 |   0.0 |      27 |       0 |   0.0
        D:2 |      23 |      32 |  58.2 |      12 |      11 |  47.8
        D:3 |       2 |      38 |  95.0 |       1 |       2 |  66.7
            +---------+---------+-------+---------+---------+-------

Illustrated notes

Table legend:
 A = Kills in this place as a percentage of kills in the entire game.
 B = Kills by you in this place as a percentage of kills by you in the entire game.
 C = Kills by friends in this place as a percentage of kills by friends in the entire game.
 D = Other kills in this place as a percentage of other kills in the entire game.
 E = Experience gained in this place as a percentage of experience gained in the entire game.
 F = Experience gained in this place divided by the number of levels of this place that you have seen.
                   A       B       C       D       E      F
               +-------+-------+-------+-------+-------+----------------------
         Total | 100.0 | 100.0 |   N/A |   N/A | 100.0 |  48.3
       Dungeon | 100.0 | 100.0 |   N/A |   N/A | 100.0 |  48.3
               +-------+-------+-------+-------+-------+----------------------

Table legend: (Time is in decaauts)
 A = Elapsed time spent in this place.
 B = Non-inter-level travel time spent in this place.
 C = Inter-level travel time spent in this place.
 D = Time resting spent in this place.
 E = Time spent auto-exploring this place.
 F = Levels seen in this place.
 G = Mean time per level.
                   A        B        C        D        E       F      G
               +--------+--------+--------+--------+--------+-----+--------+
         Total |   1727 |   1701 |     26 |      0 |   1271 |   3 |  575.7 |
       Dungeon |   1727 |   1701 |     26 |      0 |   1271 |   3 |  575.7 |
               +--------+--------+--------+--------+--------+-----+--------+

Top non-repeatable levels by time:
     D:1: 1132 daAuts
     D:2: 509 daAuts
     D:3: 86 daAuts
